 Dungeon Sprint DCSS version 0.27.1-4-g1640c2035a (webtiles) character file.

Game seed: 13161005334894335123

100 boopmooplesden the Covered (level 4, -4/45 HPs)
             Began as a Minotaur Fighter on Nov 10, 2021.
             Was an Initiate of Okawaru.
             Slain by a black bear (10 damage)
             ... in the Dungeon (Sprint VII: "The Pits").
             The game lasted 00:01:01 (238 turns).

boopmooplesden the Covered (Minotaur Fighter)        Turns: 238, Time: 00:01:02

Health: -4/45      AC:  7    Str: 21    XL:     4   Next: 46%
Magic:  3/3        EV:  8    Int:  5    God:    Okawaru [......]
Gold:   0          SH: 10    Dex: 10    Spells: 3/3 levels left

rFire    . . .     SeeInvis .   p - +0 long sword (holy)
rCold    . . .     Faith    .   c - +0 kite shield
rNeg     . . .     Spirit   .   b - +0 scale mail
rPois    .         Reflect  .   (helmet restricted)
rElec    .         Harm     .   (no cloak)
rCorr    .         Rampage  .   (no gloves)
Will     .....     NoTele   +   (no boots)
Stlth    ..........             (no amulet)
HPRegen  0.15/turn              (no ring)
MPRegen  0.08/turn              (no ring)

@: mighty
A: horns 2, retaliatory headbutt
a: Renounce Religion


You were in the Dungeon.
You worshipped Okawaru.
Okawaru was noncommittal.
You visited 1 branch

Inventory:

Hand Weapons
 a - a +0 long sword
 k - a +2 falchion
 p - a +0 long sword of holy wrath (weapon)
Armour
 b - a +0 scale mail (worn)
 c - a +0 kite shield (worn)
 o - a +3 chain mail
Scrolls
 j - a scroll of blinking
 m - 5 scrolls of amnesia
 n - a scroll of summoning
Potions
 e - 6 potions of curing
 f - 5 potions of heal wounds
 g - a potion of haste
 h - 4 potions of magic
 i - 3 potions of berserk rage
 l - 2 potions of invisibility


   Skills:
 + Level 6.5 Fighting
 + Level 4.0 Long Blades
 + Level 6.9 Armour
 + Level 1.3 Dodging
 + Level 6.9 Shields


You had 3 spell levels left.
You didn't know any spells.
Your spell library was empty.

Dungeon Overview and Level Annotations

Branches:
Dungeon (1/1)

Altars:
Ashenzari
Cheibriados
Dithmenos
Elyvilon
Fedhas
Gozag
Hepliaklqana
Kikubaaqudgha
Makhleb
Nemelex Xobeh
Okawaru
Qazlal
Ru
Sif Muna
Trog
Uskayaw
Vehumet
Wu Jian
Xom
Yredelemnul
Zin
The Shining One
Beogh
Jiyva
Lugonu


Innate Abilities, Weirdness & Mutations

You have a pair of horns on your head.
You reflexively headbutt those who attack you in melee.


Message History

The wolf bites you but does no damage. The wolf barely misses you.
You closely miss the wolf.
The wolf is heavily wounded.
You block the wolf's attack. The wolf barely misses you.
You riposte.
You closely miss the wolf.
The wolf is heavily wounded.
You block the wolf's attack.
Your shield prevents you from hitting the wolf.
The wolf is heavily wounded.
The wolf bites you. x2
You closely miss the wolf.
The wolf is heavily wounded.
The wolf barely misses you.
You riposte.
You slash the wolf!
You kill the wolf!
Okawaru is honoured by your kill.
The black bear bites you but does no damage.
The black bear claws you. The black bear barely misses you.
Your Fighting skill gained 2 levels and is now at level 6!
Your Long Blades skill increases to level 4!
Your Armour skill increases to level 6!
Your Dodging skill increases to level 1!
Your Shields skill increases to level 6!
You have reached level 3!
Your experience leads to an increase in your attributes!
Increase (S)trength, (I)ntelligence, or (D)exterity?
You feel stronger.
You have reached level 4!
You feel agile.
You slice the black bear!!
The black bear is severely wounded.
The gnoll sergeant hits you from afar with a +3 vorpal trident!
The black bear goes berserk!
The gnoll sergeant hits you from afar with a +3 vorpal trident!
* * * LOW HITPOINT WARNING * * *
x2 You barely miss the black bear.
You headbutt the black bear!
The black bear is almost dead.
You block the black bear's attack. The black bear barely misses you.
The black bear claws you but does no damage.
The black bear bites you!
You die...

##########.##.....
#...........'.....
#'#####'#####.....
#.#...).#..##.....
#.#.....#).#####'#
#.###)###))##.....
#.#.....#))##.....
#.#.....#.[##.....
#@####'##'###...<.
#h#........##.....
#g#........##.....
#g###########.....


#gg.hgg.# ###### #.###g..# #.# .# #.# #.. You could see a black bear (berserk),
a gnoll sergeant and 3 gnolls.

Vanquished Creatures
  A wolf (D)
  A gnoll (D)
  2 endoplasms (D)
  2 giant cockroaches (D)
  A goblin (D)
  A kobold (D)
  2 rats (D)
10 creatures vanquished.

Notes
Turn   | Place    | Note
-------+----------+-------------------------------------------
     0 | D        | boopmooplesden the Minotaur Fighter began the quest for the
                  | Orb.
     0 | D        | Reached XP level 1. HP: 19/19 MP: 0/0
    38 | D        | Found a bloodstained altar of Trog.
    38 | D        | Found a shimmering blue altar of Sif Muna.
    38 | D        | Found a viscous altar of Jiyva.
    38 | D        | Found a hazy altar of Hepliaklqana.
    38 | D        | Found an opulent altar of Gozag.
    39 | D        | Found a glowing golden altar of the Shining One.
    39 | D        | Found a glowing silver altar of Zin.
    39 | D        | Found a basalt altar of Yredelemnul.
    39 | D        | Found a shimmering altar of Xom.
    39 | D        | Found an ornate altar of the Wu Jian Council.
    39 | D        | Found a sacrificial altar of Ru.
    39 | D        | Found a stormy altar of Qazlal.
    39 | D        | Found an iron altar of Okawaru.
    39 | D        | Found a sparkling altar of Nemelex Xobeh.
    39 | D        | Found a burning altar of Makhleb.
    39 | D        | Found a blossoming altar of Fedhas.
    39 | D        | Found a white marble altar of Elyvilon.
    39 | D        | Found a shadowy altar of Dithmenos.
    39 | D        | Found a snail-covered altar of Cheibriados.
    41 | D        | Found a radiant altar of Vehumet.
    41 | D        | Found a corrupted altar of Lugonu.
    42 | D        | Found a hide-covered altar of Uskayaw.
    42 | D        | Found an ancient bone altar of Kikubaaqudgha.
    42 | D        | Found a broken altar of Ashenzari.
    46 | D        | Became a worshipper of Warmaster Okawaru
    88 | D        | Reached skill level 5 in Shields
    88 | D        | Reached XP level 2. HP: 20/28 MP: 1/1
    89 | D        | Reached skill level 5 in Armour
   221 | D        | Noticed a gnoll sergeant
   221 | D        | Noticed a wolf
   221 | D        | Noticed a black bear
   236 | D        | Killed a wolf
   237 | D        | Reached skill level 1 in Dodging
   237 | D        | Reached XP level 3. HP: 25/38 MP: 2/2
   237 | D        | Reached XP level 4. HP: 30/45 MP: 3/3
   238 | D        | Slain by a black bear

Illustrated notes

Levels and vault maps discovered:
D:        pitsprint [storerooms_1, entrance_room_1, metal_vault_1, armoury_1,
          mini_pit_1, grid_room_1, main_hall_1, silver_pit, the_coven_2,
          the_vestibule_1, steel_vault_3, golden_pit, hallway_of_sentries,
          crystal_vault_2, iron_vault_4, final_vault]

Skill      XL: |  1  2 |
---------------+-------+-----
Fighting       | 4 6 |  6.5
Armour         | 4 6 |  6.9
Shields        | 5 6 |  6.9
Long Blades    | 3 4 |  4.0
Dodging        | 1 |  1.3

Action                   |  1- 3 |  4- 6 || total
-------------------------+-------+-------++-------
Melee: Falchion          |    19 |       ||    19
       Headbutt          |     4 |     1 ||     5
       Long sword        |     9 |     2 ||    11
  Use: Potion            |     2 |       ||     2
Armor: Scale mail        |    16 |     1 ||    17
Dodge: Dodged            |     7 |     1 ||     8
Block: Kite shield       |    18 |     1 ||    19
       Rpst.: Falchion   |     2 |       ||     2
       Long sword        |     3 |       ||     3
